 Dungeon Sprint DCSS version 0.17.1-3-g152610e (webtiles) character file.

2466 DarthKuruptios the Basher (level 9, 0/90 HPs)
             Began as a Troll Berserker on Apr 19, 2016.
             Was a High Priest of Trog.
             Slain by a brown ugly thing (8 damage)
             ... in the Dungeon (Sprint V: "Ziggurat Sprint").
             The game lasted 00:07:45 (312 turns).

DarthKuruptios the Basher (Troll Berserker)          Turns: 312, Time: 00:07:48

Health: 0/90       AC:  8    Str: 27    XL:     9   Next: 26%
Magic:  8/8        EV:  7    Int: 10    God:    Trog [*****.]
Gold:   0          SH:  0    Dex: 17    Spells: 0 memorised, 8 levels left

rFire  + . .     SeeInvis .     H - +10 dark maul {crush}
rCold  + . .     Clarity  .     p - +5 gold dragon armour
rNeg   . . .     SustAt   .     (shield currently unavailable)
rPois  +         Gourm    +     (helmet restricted)
rElec  .         Spirit   .     (no cloak)
rCorr  .         Warding  .     (gloves unavailable)
rMut   .         NoTele   +     (boots unavailable)
MR     .....                    (no amulet)
Stlth  ..........               A - +6 ring of intelligence
                                y - +6 ring of dexterity

@: exhausted, corroded equipment, slowed, very slow, not resistant to hostile
enchantments, extremely unstealthy
A: unfitting armour, claws 3, fast metabolism 3, frail 1, gourmand, regeneration
2, shaggy fur 1, tough skin 2
a: Berserk, Trog's Hand, Brothers in Arms, Burn Spellbooks, Renounce Religion


You were in the Dungeon.
You worshipped Trog.
Trog was extremely pleased with you.
You were very full.

You visited 1 branch

Inventory:

Hand Weapons
 H - the +10 dark maul (weapon) {crush}
   (You found it in the Dungeon)

   It inflicts extra damage upon your enemies.
Armour
 p - a +5 gold dragon armour (worn)
Jewellery
 y - a +6 ring of dexterity (left claw)
 A - a +6 ring of intelligence (right claw)
 B - the ring "Boilliam" {rElec MP+9 AC+4 Dex-4}
   (You found it in the Dungeon)

   [ring of protection]

   It affects your AC (+4).
   It affects your dexterity (-4).
   It insulates you from electricity.
   It affects your magic capacity (+9).
Wands
 u - a wand of disintegration (7)
 v - a wand of fire (5)
 w - a wand of cold (5)
 x - a wand of draining (5)
Scrolls
 a - 3 scrolls of recharging
 b - 7 scrolls of fog
 i - 4 scrolls of blinking
 q - a scroll of holy word
 r - 5 scrolls of identify
 s - 5 scrolls of remove curse
 t - 2 scrolls of fear
Potions
 d - 10 potions of curing
 e - 9 potions of heal wounds
 f - 6 potions of haste
 h - 3 potions of berserk rage
 j - 2 potions of brilliance
 k - 2 potions of invisibility
 l - 4 potions of resistance
 m - a potion of experience
 n - 5 potions of agility
 o - 5 potions of might
Miscellaneous
 g - a box of beasts
 G - a disc of storms
Comestibles
 c - 6 bread rations
 z - 14 chunks of flesh
 E - 32 fruits
 F - 4 meat rations


   Skills:
 + Level 9.9 Fighting
 * Level 13.0 Maces & Flails
 - Level 1.2 Armour
 + Level 9.7 Dodging


You had 8 spell levels left.
You didn't know any spells.

Dungeon Overview and Level Annotations

Branches:
Dungeon (1/1)

Altars:
Ashenzari
Cheibriados
Dithmenos
Elyvilon
Fedhas
Gozag
Kikubaaqudgha
Makhleb
Nemelex Xobeh
Okawaru
Qazlal
Ru
Sif Muna
Trog
Vehumet
Xom
Yredelemnul
Zin
The Shining One
Beogh
Jiyva
Lugonu


Innate Abilities, Weirdness & Mutations

You are too large for most types of armour.
You have claws for hands.
Your metabolism is lightning-fast.
You like to eat raw meat.
You heal very quickly.
You are covered in fur (AC +1).
You have very tough skin (AC +2).
You are frail (-10% HP).


Message History

The harpy screeches!
The neqoxec gestures at you.
Something tries to feed on your intellect!
The brown ugly thing engulfs you.
You are splashed with acid!
The acid corrodes you!
The acid burns!
The harpy claws you but does no damage. The harpy claws you.
The neqoxec barely misses you.
Your deep troll goes berserk!
You feel somewhat less full. The harpy claws you but does no damage.
The harpy claws you.
* * * LOW HITPOINT WARNING * * *
The brown ugly thing engulfs you!
* * * LOW HITPOINT WARNING * * *
You are splashed with acid!
The acid burns!
* * * LOW HITPOINT WARNING * * *
The red ugly thing barely misses you. The neqoxec gestures at you.
Strange energies course through your body.
You feel frail. The brown ugly thing engulfs you!
You die...

▓.......▓
▓▓▓▓▓▓▓▓▓
▓..8©8..▓
▓..[")..▓
▓..[}[..▓
▓...H...▓
▓...5...▓
▓..3uuT.▓
▓..†@...▓
▓.▓...▓.▓
▓.......▓
▓▓▓▓▓▓▓▓▓


You could see 2 ugly things, a harpy, a neqoxec, an iron imp and a friendly deep
troll (berserk).

Vanquished Creatures
  An ugly thing (D)
  A black mamba (shapeshifter) (D)
  2 rust devils (D)
  A polar bear (D)
  2 hell hounds (D)
  A naga (D)
  2 orc warriors (D)
  An ice beast (D)
  3 iron imps (D)
  2 quasits (D)
  A crimson imp (D)
  An orc priest (D)
  2 orc wizards (D)
  A shadow imp (D)
  A white imp (D)
  An adder simulacrum (D)
  An orc (D)
  A bat zombie (D)
  A ball python (D)
26 creatures vanquished.

Notes
Turn   | Place    | Note
--------------------------------------------------------------
     0 | D        | DarthKuruptios the Troll Berserker began the quest for the Orb.
     0 | D        | Reached XP level 1. HP: 22/22 MP: 0/0
     0 | D        | Found an iron altar of Okawaru.
     0 | D        | Found a burning altar of Makhleb.
     0 | D        | Found a radiant altar of Vehumet.
     0 | D        | Found a deep blue altar of Sif Muna.
     0 | D        | Found a shimmering altar of Xom.
     1 | D        | Found a roughly hewn altar of Beogh.
     1 | D        | Found a corrupted altar of Lugonu.
     1 | D        | Found a viscous altar of Jiyva.
     1 | D        | Found a white marble altar of Elyvilon.
     1 | D        | Found a sparkling altar of Nemelex Xobeh.
     1 | D        | Found a bloodstained altar of Trog.
    64 | D        | Entered arena 1.
    64 | D        | Noticed a naga
    67 | D        | Killed a naga
    67 | D        | Reached ** piety under Trog
    67 | D        | Reached skill level 4 in Fighting
    67 | D        | Reached skill level 5 in Maces & Flails
    67 | D        | Reached XP level 2. HP: 33/33 MP: 1/1
    67 | D        | Reached XP level 3. HP: 41/41 MP: 2/2
    67 | D        | Reached XP level 4. HP: 49/49 MP: 3/3
   110 | D        | Entered arena 2.
   110 | D        | Noticed a hell hound
   110 | D        | Noticed a hell hound
   112 | D        | Killed a hell hound
   112 | D        | Reached skill level 6 in Fighting
   112 | D        | Reached XP level 5. HP: 41/59 MP: 4/4
   114 | D        | Killed a hell hound
   114 | D        | Reached skill level 7 in Maces & Flails
   114 | D        | Reached skill level 1 in Armour
   114 | D        | Reached XP level 6. HP: 30/68 MP: 5/5
   177 | D        | Entered arena 3.
   177 | D        | Noticed a quasit
   177 | D        | Noticed a rust devil
   177 | D        | Noticed a crimson imp
   177 | D        | Noticed a rust devil
   179 | D        | Killed a rust devil
   179 | D        | Reached skill level 9 in Maces & Flails
   179 | D        | Reached XP level 7. HP: 74/78 MP: 6/6
   181 | D        | Killed a rust devil
   181 | D        | Reached *** piety under Trog
   181 | D        | Reached skill level 10 in Maces & Flails
   188 | D        | Killed a crimson imp
   189 | D        | Killed a quasit
   229 | D        | Entered arena 4.
   229 | D        | Noticed an ice beast
   229 | D        | Noticed a polar bear
   232 | D        | Killed a polar bear
   232 | D        | Reached **** piety under Trog
   232 | D        | Reached skill level 11 in Maces & Flails
   232 | D        | Reached XP level 8. HP: 87/89 MP: 7/7
   234 | D        | Killed an ice beast
   243 | D        | Got the ring "Boilliam" {rElec MP+9 AC+4 Dex-4}
   244 | D        | Entered arena 5.
   244 | D        | Noticed an iron imp
   244 | D        | Noticed a quasit
   244 | D        | Noticed an iron imp
   244 | D        | Noticed an iron imp
   249 | D        | Killed an iron imp
   249 | D        | Reached ***** piety under Trog
   251 | D        | Killed an iron imp
   255 | D        | Killed a quasit
   257 | D        | Killed an iron imp
   257 | D        | Received a gift from Trog
   265 | D        | Entered arena 6.
   265 | D        | Noticed an orc warrior
   265 | D        | Noticed an orc priest
   265 | D        | Noticed an orc wizard
   265 | D        | Noticed an orc warrior
   265 | D        | Noticed an orc wizard
   268 | D        | Killed an orc warrior
   269 | D        | Killed an orc warrior
   270 | D        | Killed an orc wizard
   270 | D        | Reached skill level 12 in Maces & Flails
   271 | D        | Killed an orc priest
   272 | D        | Killed an orc wizard
   300 | D        | Entered arena 7.
   300 | D        | Noticed a neqoxec
   300 | D        | Noticed a cyan ugly thing
   300 | D        | Noticed a harpy
   300 | D        | Noticed a yak
   300 | D        | Noticed a green ugly thing
   300 | D        | Noticed a brown ugly thing
   304 | D        | Noticed a wind drake
   304 | D        | a yak changed into a wind drake
   306 | D        | a wind drake changed into a hippogriff
   307 | D        | Killed a brown ugly thing
   307 | D        | Reached ****** piety under Trog
   307 | D        | Reached XP level 9. HP: 96/101 MP: 8/8
   308 | D        | Noticed a black mamba
   308 | D        | a hippogriff changed into a black mamba
   309 | D        | Killed a black mamba
   309 | D        | Reached skill level 13 in Maces & Flails
   312 | D        | Gained mutation: You are frail (-10% HP). [a neqoxec]
   312 | D        | Slain by a brown ugly thing

Action                   |  1- 3 |  4- 6 |  7- 9 || total
-------------------------+-------+-------+-------++-------
Melee: Maul              |     2 |     6 |    40 ||    48
Invok: Berserk           |     1 |       |     1 ||     2
       Burn Spellbooks   |       |       |     1 ||     1
       Brothers in Arms  |       |       |     1 ||     1
  Use: Potion            |       |       |     1 ||     1
  Eat: Fruit             |       |       |    10 ||    10
       Chunk             |       |       |     1 ||     1
